[Event "Titled Tuesday Blitz February 28 Late 2023"]
[White "Yang, Qindong"]
[Black "Lopez Del Alamo, Antonio"]
[WhiteFideId "8603758"]
[BlackFideId "2227339"]
[WhiteElo "2090"]
[BlackElo "2175"]
[Result "1-0"]
[Round "04"]
[TimeControl "180+2"]
[Date "2023.02.28"]
[WhiteClock "0:00:08"]
[BlackClock "0:00:01"]

1. d4 Nf6 2. c4 g6 3. Nc3 Bg7 4. e4 d6 5. Be2 O-O 6. Be3 Na6 7. h4 h5 8. f3 c5 9. d5 e6 10. Nh3 exd5 11. cxd5 Nc7 12. Qd2 Bd7 13. a4 a6 14. a5 Rb8 15. Ng5 b5 16. axb6 Rxb6 17. O-O Qb8 18. Ra2 Bb5 19. Nxb5 axb5 20. Rfa1 Nd7 21. Ra5 Ne5 22. b3 b4 23. R1a4 Nb5 24. Bxb5 Rxb5 25. Qe2 Rxa5 26. Rxa5 c4 27. bxc4 Qc7 28. Rb5 Rb8 29. Qa2 Nxc4 30. Rxb8+ Qxb8 31. Qxc4 b3 32. Bc1 b2 33. Bxb2 Bxb2 34. Qc6 Be5 35. Qd7 Qb1+ 36. Kf2 Qc2+ 37. Kf1 Qd1+ 38. Kf2 Qd2+ 39. Kf1 Qd1+ 40. Kf2 Bd4+ 41. Kg3 Qe1+ 42. Kh3 Qh1+ 43. Kg3 Be5+ 44. f4 Qe1+ 45. Kh3 Qe3+ 46. g3 Bg7 47. Qxf7+ Kh8 48. Qxg6 1-0


[Site "https://www.chess.com"]

[Event "Titled Tuesday Blitz February 28 Late 2023"]
[White "Leschinsky, Gary"]
[Black "Goudriaan, Etienne"]
[WhiteFideId "30951321"]
[BlackFideId "1021150"]
[WhiteElo "1855"]
[BlackElo "2318"]
[Result "1-0"]
[Round "04"]
[TimeControl "180+2"]
[Date "2023.02.28"]
[WhiteClock "0:00:14"]
[BlackClock "0:00:20"]

1. d4 Nf6 2. c4 e6 3. Nc3 Bb4 4. e3 O-O 5. Bd3 d5 6. cxd5 exd5 7. Nf3 Bd6 8. O-O Re8 9. Re1 b6 10. e4 dxe4 11. Nxe4 Bb7 12. Bg5 Nbd7 13. Qc2 h6 14. Bh4 Be7 15. Nxf6+ Nxf6 16. Bxf6 Bxf6 17. Rxe8+ Qxe8 18. Re1 Qc6 19. Qxc6 Bxc6 20. Ne5 Bd5 21. a3 Re8 22. f4 c5 23. dxc5 bxc5 24. Rc1 Rc8 25. Bc4 Bxc4 26. Rxc4 g5 27. g3 Kg7 28. b4 Be7 29. Nd3 Rd8 30. Nxc5 a5 31. bxa5 Rc8 32. Ne6+ fxe6 33. Rxc8 Bxa3 34. a6 Kf6 35. Kg2 gxf4 36. a7 fxg3 37. a8=Q gxh2 38. Qxa3 h1=Q+ 39. Kxh1 1-0


[Site "https://www.chess.com"]

[Event "Titled Tuesday Blitz February 28 Late 2023"]
[White "Zampronha, Wladimir Camilo"]
[Black "Thomforde-Toates, Noah"]
[WhiteFideId "2103087"]
[BlackFideId "30951992"]
[WhiteElo "2176"]
[BlackElo "2632"]
[Result "0-1"]
[Round "04"]
[TimeControl "180+2"]
[Date "2023.02.28"]
[WhiteClock "0:00:11"]
[BlackClock "0:00:44"]

1. e4 c5 2. Nf3 g6 3. d4 cxd4 4. Nxd4 Bg7 5. Nc3 Nc6 6. Be3 Nf6 7. Bc4 O-O 8. Bb3 d6 9. f3 Nxd4 10. Bxd4 Be6 11. Qd2 Qa5 12. O-O-O Rfc8 13. Kb1 a6 14. Nd5 Qxd2 15. Nxf6+ Bxf6 16. Rxd2 Bg5 17. Bxe6 fxe6 18. Rdd1 e5 19. Bf2 h5 20. Rd5 Kf7 21. Rhd1 Ke6 22. a4 Bf4 23. h3 Bh6 24. R1d3 Rc4 25. Rb3 b5 26. axb5 axb5 27. Rdxb5 Rca4 28. Ra3 Rxa3 29. bxa3 Rxa3 30. Kb2 Ra6 31. Rb8 Kf7 32. Rb7 Bg5 33. Rb6 Ra4 34. Rb3 Rc4 35. Rb7 Ke6 36. Rb8 Bf6 37. Rb3 Rc7 38. Rc3 Rd7 39. Rb3 Kf7 40. Kb1 e6 41. Rb6 d5 42. Rb4 Be7 43. Ra4 Rb7+ 44. Kc1 Bg5+ 45. Kd1 Rb1+ 46. Ke2 Rc1 47. Ra2 Kf6 48. Be3 Bxe3 49. Kxe3 Re1+ 50. Kf2 Rc1 51. Ke2 h4 52. Rb2 Kg5 53. Kf2 Kf4 54. Rb6 Rxc2+ 55. Kf1 d4 56. Rxe6 Ke3 57. Kg1 d3 58. Rd6 d2 59. Kh2 Rc1 0-1


[Site "https://www.chess.com"]

[Event "Titled Tuesday Blitz February 28 Late 2023"]
[White "Alex_Sahakyan2006"]
[Black "Fajdetic, Hrvoje"]
[BlackFideId "14501945"]
[WhiteElo "2631"]
[BlackElo "2185"]
[Result "1/2-1/2"]
[Round "04"]
[TimeControl "180+2"]
[Date "2023.02.28"]
[WhiteClock "0:02:23"]
[BlackClock "0:02:38"]

1. e4 e6 2. Nc3 d5 3. g3 d4 4. Nce2 c5 5. d3 e5 6. Bg2 Nc6 7. f4 h5 8. f5 Be7 9. Nf3 h4 10. O-O hxg3 11. hxg3 Nf6 12. Nh2 1/2-1/2


[Site "https://www.chess.com"]

[Event "Titled Tuesday Blitz February 28 Late 2023"]
[White "Matsuura, Frederico"]
[Black "Gunduz, Umut Erdem"]
[WhiteFideId "2107848"]
[BlackFideId "6381383"]
[WhiteElo "2302"]
[BlackElo "2182"]
[Result "0-1"]
[Round "04"]
[TimeControl "180+2"]
[Date "2023.02.28"]
[WhiteClock "0:00:01"]
[BlackClock "0:00:37"]

1. d4 Nf6 2. Bg5 Ne4 3. Bh4 d5 4. f3 Nd6 5. Nc3 c6 6. e4 Qa5 7. Qd2 e6 8. Bd3 Nd7 9. Nge2 Nb6 10. exd5 cxd5 11. O-O Ndc4 12. Qg5 f6 13. Qh5+ Kd8 14. Qf7 Nd6 15. Bxf6+ gxf6 16. Qxf6+ Kc7 17. Qxh8 Bd7 18. Qxh7 Nbc4 19. b3 Nb2 20. Bg6 b5 21. a3 Qb6 22. Rfb1 Rd8 23. Rxb2 Kb8 24. Kh1 Bc8 25. a4 b4 26. Nb5 a6 27. Nxd6 Bxd6 28. a5 Qb5 29. Bd3 Qc6 30. c4 bxc3 31. Rc2 Bb4 32. Qh4 Rf8 33. Qg3+ Bd6 34. Qg7 Qe8 35. Rxc3 Qh5 36. f4 Rh8 37. h3 Qe8 0-1


[Site "https://www.chess.com"]

[Event "Titled Tuesday Blitz February 28 Late 2023"]
[White "Gadimbayli, Abdulla"]
[Black "Nilsen, Tobias Lang"]
[WhiteFideId "13404938"]
[BlackFideId "1521624"]
[WhiteElo "2390"]
[BlackElo "2195"]
[Result "1-0"]
[Round "04"]
[TimeControl "180+2"]
[Date "2023.02.28"]
[WhiteClock "0:00:05"]
[BlackClock "0:00:02"]

1. Nf3 d5 2. g3 e6 3. Bg2 c5 4. O-O Nc6 5. d3 Nf6 6. Nbd2 Be7 7. e4 O-O 8. Re1 b5 9. e5 Nd7 10. Nf1 Qb6 11. h4 Bb7 12. h5 h6 13. N1h2 Rfc8 14. Ng4 Qd8 15. Bf4 Bf8 16. Qd2 a5 17. Nh4 Nd4 18. c3 Nc6 19. a4 b4 20. Rab1 Rab8 21. c4 Nd4 22. cxd5 Bxd5 23. Be3 Bxg2 24. Kxg2 Nb6 25. Kh3 Nd5 26. Bxd4 cxd4 27. Rbc1 Qg5 28. Qxg5 hxg5 29. Nf3 Nb6 30. Nxg5 Nxa4 31. h6 gxh6 32. Nf6+ Kg7 33. Nf3 Nxb2 34. Rxc8 Rxc8 35. Re4 Be7 36. Nh5+ Kh7 37. Rxd4 Rd8 38. Rg4 Rg8 39. Rd4 b3 40. Rd7 Re8 41. Nd4 Kg6 42. Nf4+ Kg7 43. Nxb3 a4 44. Nd4 a3 45. Ra7 Kf8 46. Nb5 Rd8 47. Nxa3 Nxd3 48. Nxd3 Rxd3 49. Nc4 Bc5 50. Ra2 Rd4 51. Rc2 Kg7 52. f4 Be7 53. Ne3 Rd3 54. Re2 Bc5 55. Ng4 h5 56. Nf6 Kg6 57. Rc2 Be7 58. Ne4 h4 59. Kg4 Re3 60. Rc4 hxg3 61. Nxg3 f5+ 62. exf6 Bxf6 63. Rc6 Re1 64. Kf3 Ra1 65. Ne4 Ra3+ 66. Kg4 Kf7 67. Rc7+ Kg6 68. Nc5 Re3 69. Rc6 Kf7 70. Rc7+ Kg6 71. Nd7 Bd8 72. Nf8+ Kf6 73. Rb7 Be7 74. Nd7+ Kg6 75. Ne5+ Kf6 76. Ra7 Re1 77. Kf3 Rf1+ 78. Kg4 Rg1+ 79. Kh3 Rh1+ 80. Kg2 Rb1 81. Ng4+ Kf5 82. Nh6+ Kg6 83. Ng4 Bc5 84. Ra6 Kf5 85. Nh6+ 1-0


[Site "https://www.chess.com"]

[Event "Titled Tuesday Blitz February 28 Late 2023"]
[White "Makridis, Dimitrios"]
[Black "Urbina Perez, Juan Antonio"]
[WhiteFideId "25864475"]
[BlackFideId "2217368"]
[WhiteElo "2277"]
[BlackElo "2197"]
[Result "1-0"]
[Round "04"]
[TimeControl "180+2"]
[Date "2023.02.28"]
[WhiteClock "0:01:06"]
[BlackClock "0:00:03"]

1. b3 d5 2. Bb2 Bf5 3. e3 e6 4. g4 Bg6 5. h4 h5 6. g5 Nc6 7. Nf3 Nge7 8. c4 dxc4 9. Bxc4 Nd5 10. a3 a6 11. Nc3 Qd7 12. Nxd5 exd5 13. Be2 O-O-O 14. b4 Be4 15. d3 Bxf3 16. Bxf3 d4 17. Rc1 dxe3 18. fxe3 Qxd3 19. Qxd3 Rxd3 20. Ke2 Rd6 21. Rhd1 Rg8 22. Rxd6 Bxd6 23. Bxh5 g6 24. Bg4+ Kb8 25. Rf1 Ne5 26. Bxe5 Bxe5 27. Rxf7 Bg3 28. Be6 Bxh4 29. Rh7 Re8 30. Bf7 Re4 31. Bxg6 Rg4 32. Rh8+ Ka7 33. Bf5 Rxg5 34. e4 Bg3 35. Re8 Kb6 36. Kf3 Bd6 37. Re6 a5 38. Kf2 axb4 39. axb4 Kb5 40. Ke3 Kxb4 41. Kd4 b5 42. Re8 c6 43. Rd8 Bc5+ 44. Ke5 Rg7 45. Rd1 Re7+ 46. Kf6 Re8 47. Rb1+ Ka5 48. Rd1 Kb6 49. e5 b4 50. e6 Rf8+ 51. Kg6 Kb5 52. Bd3+ Ka4 53. Bc4 b3 54. Rb1 Rb8 55. Ra1+ Kb4 56. Bxb3 Kc3 57. Rc1+ Kd4 58. Rc4+ Kd3 59. Rxc5 Rxb3 60. e7 1-0


[Site "https://www.chess.com"]

[Event "Titled Tuesday Blitz February 28 Late 2023"]
[White "Petukhov, Dmitry"]
[Black "Fernandez Guillen, Ernesto J."]
[WhiteFideId "4142748"]
[BlackFideId "3512428"]
[WhiteElo "2311"]
[BlackElo "2423"]
[Result "0-1"]
[Round "04"]
[TimeControl "180+2"]
[Date "2023.02.28"]
[WhiteClock "0:02:06"]
[BlackClock "0:02:44"]

1. e4 e5 2. Nf3 Nc6 3. Bb5 f5 4. d4 fxe4 5. Bxc6 bxc6 6. Nxe5 Nf6 7. O-O Bd6 8. Nc3 O-O 9. Qe2 Qe8 10. Nxe4 Bxe5 11. dxe5 Qxe5 12. Re1 Nxe4 0-1


[Site "https://www.chess.com"]

[Event "Titled Tuesday Blitz February 28 Late 2023"]
[White "Erdogdu, Mert"]
[Black "Erzhanov, Arman"]
[WhiteFideId "6301495"]
[BlackFideId "4138821"]
[WhiteElo "2407"]
[BlackElo "2138"]
[Result "1-0"]
[Round "04"]
[TimeControl "180+2"]
[Date "2023.02.28"]
[WhiteClock "0:00:43"]
[BlackClock "0:00:05"]

1. e4 d6 2. d4 Nf6 3. Nc3 c6 4. Bd3 e5 5. Nf3 Nbd7 6. a4 Be7 7. O-O O-O 8. Re1 Re8 9. a5 Bf8 10. Bg5 Qc7 11. Qd2 h6 12. Bh4 g6 13. h3 Bg7 14. dxe5 dxe5 15. Bc4 Nc5 16. Bxf6 Bxf6 17. Qxh6 Be6 18. Bxe6 Nxe6 19. Ne2 Rad8 20. c3 Nc5 21. Ng3 Nb3 22. Rad1 Nxa5 23. h4 Bg7 24. Qg5 Nc4 25. h5 Rxd1 26. Rxd1 Nxb2 27. Rb1 Nd3 28. hxg6 fxg6 29. Qxg6 Qf7 30. Qxf7+ Kxf7 31. Rxb7+ Re7 32. Ng5+ Ke8 33. Rb8+ Kd7 34. Nf5 Bf6 35. Nxe7 Bxe7 36. Rb7+ Ke8 37. Ne6 a5 38. Ra7 Kf7 39. Nd8+ Ke8 40. Rxe7+ Kxe7 41. Nxc6+ Kd6 42. Nxa5 Kc5 43. Kf1 Kb5 44. Nb7 Kc6 45. Nd8+ Kd7 46. Nf7 Ke7 47. Ng5 Kf6 48. Nf3 Nc5 49. Nd2 Nd3 50. g3 Kg5 51. Ke2 Nc1+ 52. Ke3 Na2 53. Nf3+ Kf6 54. Kd2 1-0


[Site "https://www.chess.com"]

[Event "Titled Tuesday Blitz February 28 Late 2023"]
[White "Sieciechowicz, Marcin"]
[Black "Girsh, Daniel"]
[WhiteFideId "1130170"]
[BlackFideId "30949190"]
[WhiteElo "2302"]
[BlackElo "2075"]
[Result "0-1"]
[Round "04"]
[TimeControl "180+2"]
[Date "2023.02.28"]
[WhiteClock "0:00:02"]
[BlackClock "0:01:28"]

1. d4 e6 2. c4 Nf6 3. Nc3 Bb4 4. Nf3 O-O 5. Bg5 h6 6. Bh4 d5 7. cxd5 g5 8. Bg3 Nxd5 9. Rc1 c5 10. e4 Nxc3 11. bxc3 Ba3 12. Rb1 cxd4 13. cxd4 Nc6 14. Bc4 Qa5+ 15. Kf1 Qc3 16. Qb3 Qxb3 17. Bxb3 Rd8 18. d5 exd5 19. Bxd5 Be6 20. Bxe6 fxe6 21. h4 g4 22. Ne5 Nxe5 23. Bxe5 b6 24. Bf4 Kg7 25. Kg1 Bd6 26. Be3 Be5 27. g3 Rd3 28. Kg2 Rc8 29. Rhc1 Rcc3 30. Rxc3 Rxc3 31. Rd1 Ra3 32. Rd7+ Kg6 33. Re7 Kf6 34. Rh7 Rxa2 35. h5 b5 36. Bxh6 b4 37. Bg7+ Kg5 38. Bxe5 b3 39. Rb7 Kxh5 40. Rxb3 a5 41. Bf4 Kg6 0-1


[Site "https://www.chess.com"]

[Event "Titled Tuesday Blitz February 28 Late 2023"]
[White "Martynov, Pavel"]
[Black "Golubev, Mikhail"]
[WhiteFideId "4101260"]
[BlackFideId "14100983"]
[WhiteElo "2314"]
[BlackElo "2374"]
[Result "0-1"]
[Round "04"]
[TimeControl "180+2"]
[Date "2023.02.28"]
[WhiteClock "0:00:09"]
[BlackClock "0:01:00"]

1. e4 c5 2. Nf3 d6 3. Bb5+ Bd7 4. Bxd7+ Nxd7 5. O-O Ngf6 6. Re1 e6 7. c3 Be7 8. d4 O-O 9. h3 Rc8 10. Bf4 d5 11. e5 Ne4 12. Nbd2 Nxd2 13. Qxd2 Qb6 14. h4 cxd4 15. Nxd4 Bxh4 16. g3 Be7 17. Kg2 Bc5 18. Nf3 f5 19. Rh1 Be7 20. Rh3 Rf7 21. Rah1 Nf8 22. Bg5 Rc4 23. Bxe7 Rxe7 24. Qg5 Qc7 25. Nd4 Rf7 26. f4 Rxd4 27. cxd4 Qc2+ 28. Kf3 Qe4+ 29. Kf2 Rc7 30. Re1 Rc2+ 31. Kf1 Qg2# 0-1


[Site "https://www.chess.com"]

[Event "Titled Tuesday Blitz February 28 Late 2023"]
[White "Mazurkiewicz, Michal"]
[Black "Zhu, Jiner"]
[WhiteFideId "1124943"]
[BlackFideId "8608059"]
[WhiteElo "2054"]
[BlackElo "2384"]
[Result "1-0"]
[Round "04"]
[TimeControl "180+2"]
[Date "2023.02.28"]
[WhiteClock "0:00:09"]
[BlackClock "0:00:06"]

1. e4 e5 2. Nf3 Nc6 3. d3 Bc5 4. g3 Nf6 5. Bg2 O-O 6. O-O d5 7. exd5 Nxd5 8. Nxe5 Nxe5 9. d4 Bg4 10. f3 Nxf3+ 11. Bxf3 Bxf3 12. Rxf3 Bb6 13. c4 Nf6 14. Rd3 Re8 15. Nc3 c6 16. Bf4 Qd7 17. Na4 Rad8 18. Nxb6 axb6 19. Qf3 Qh3 20. Rf1 Ng4 21. Qg2 Qxg2+ 22. Kxg2 h5 23. h3 Nf6 24. Bc7 Re2+ 25. Rf2 Rxf2+ 26. Kxf2 Ra8 27. a3 Nd7 28. Re3 Rc8 29. Bd6 b5 30. Re7 Nf6 31. Be5 bxc4 32. Bxf6 gxf6 33. Rxb7 c5 34. Ke3 Re8+ 35. Kd2 cxd4 36. Rc7 c3+ 37. bxc3 dxc3+ 38. Rxc3 Re4 39. Kd3 Ra4 40. Kc2 h4 41. g4 Rf4 42. Kb3 Kg7 43. a4 f5 44. gxf5 Rxf5 45. Rc4 Rf3+ 46. Rc3 Rf1 47. Kb4 f5 48. a5 Kg6 49. a6 Rb1+ 50. Rb3 Rd1 51. a7 Rd8 52. Ra3 Ra8 53. Kc5 Kg5 54. Ra4 f4 55. Kd4 f3 56. Ke3 Kf5 57. Ra5+ Ke6 58. Kxf3 Kd6 59. Kg4 Kc6 60. Kxh4 Kb6 61. Ra1 Kb7 62. Kg4 Rg8+ 63. Kf5 Ka8 64. h4 Rh8 65. Ra4 Rf8+ 66. Kg6 Rg8+ 67. Kh7 Rc8 68. h5 Rc7+ 69. Kg6 Rc6+ 70. Kf5 Rc5+ 71. Kg4 Rc6 72. Kg5 Rc5+ 73. Kh4 Rc6 74. Ra5 Rc1 75. h6 Rh1+ 76. Kg5 Rg1+ 77. Kf6 Rf1+ 78. Kg6 Rc1 79. h7 Rc8 80. Kg7 Rc7+ 81. Kg6 Rc6+ 82. Kg5 Rc8 83. Ra6 Rh8 84. Kg6 Rc8 85. Rf6 Rh8 86. Kg7 Rc8 87. Rf8 1-0


[Site "https://www.chess.com"]

[Event "Titled Tuesday Blitz February 28 Late 2023"]
[White "Blomqvist, Erik"]
[Black "Dzida, Kamil"]
[WhiteFideId "1709437"]
[BlackFideId "21828652"]
[WhiteElo "2436"]
[BlackElo "2139"]
[Result "0-1"]
[Round "04"]
[TimeControl "180+2"]
[Date "2023.02.28"]
[WhiteClock "0:00:07"]
[BlackClock "0:00:10"]

1. e4 c5 2. Nf3 d6 3. d4 cxd4 4. Qxd4 Nf6 5. Be2 Nc6 6. Qe3 Bg4 7. O-O g6 8. Rd1 Bxf3 9. Qxf3 Bg7 10. Bf1 O-O 11. a4 Rc8 12. c3 Ne5 13. Qe2 h5 14. Bf4 Qc7 15. Na3 a6 16. Nc2 e6 17. h3 Rfd8 18. Bg5 Rd7 19. Rd4 Nh7 20. Be3 Nc6 21. Rd2 Nf6 22. Bf4 Na5 23. Rad1 e5 24. Bg5 Nb3 25. Rd3 Nc5 26. Re3 Nxa4 27. Nb4 Nb6 28. Red3 a5 29. Nc2 Nc4 30. Ne3 Nxe4 31. Nxc4 Qxc4 32. Bc1 Qc6 33. Qf3 d5 34. c4 d4 35. g4 Nc5 36. Qxc6 bxc6 37. Ra3 a4 38. Bd2 Rb7 39. Ra2 hxg4 40. hxg4 Rcb8 41. Bg2 e4 42. Bf4 Rxb2 43. Bxb8 Rxa2 44. Bd6 Nd3 45. Bxe4 Nxf2 46. Re1 d3 47. Bf3 Bd4 48. Kf1 d2 49. Rb1 d1=Q+ 50. Bxd1 Nxd1 51. Rxd1 c5 52. Bg3 a3 53. Rd3 Ra1+ 54. Ke2 a2 55. Ra3 Rg1 56. Bf2 a1=Q 0-1


[Site "https://www.chess.com"]

[Event "Titled Tuesday Blitz February 28 Late 2023"]
[White "Gerzhoy, Leonid"]
[Black "The_Sherman_Variation"]
[WhiteFideId "2806126"]
[WhiteElo "2626"]
[BlackElo "2450"]
[Result "1/2-1/2"]
[Round "04"]
[TimeControl "180+2"]
[Date "2023.02.28"]
[WhiteClock "0:00:08"]
[BlackClock "0:00:18"]

1. d4 Nf6 2. Nf3 c5 3. c3 e6 4. e3 d5 5. Nbd2 Nc6 6. Bd3 b6 7. O-O Bb7 8. e4 cxd4 9. cxd4 dxe4 10. Nxe4 Be7 11. Nxf6+ Bxf6 12. Be4 O-O 13. Be3 Na5 14. Bxb7 Nxb7 15. Rc1 Qd6 16. Qa4 a6 17. Qc6 Qxc6 18. Rxc6 b5 19. Rfc1 Na5 20. Rc7 Nc4 21. b3 Nb6 22. Ne5 Rac8 23. Nd7 Rxc7 24. Rxc7 Nd5 25. Nxf8 Nxc7 26. Nd7 Nd5 27. Nc5 a5 28. a4 bxa4 29. bxa4 Bd8 30. Bd2 Bb6 31. Nb3 Nb4 32. Bxb4 axb4 33. Kf1 Kf8 34. Ke2 Ke7 35. Kd3 Kd6 36. Kc4 e5 37. dxe5+ Kxe5 38. f3 Bg1 39. h3 f5 40. a5 Kd6 41. Kxb4 Kc6 42. Kc4 g5 43. Nd4+ Kb7 44. Nxf5 Ka6 45. Ng3 Kxa5 46. Ne4 Be3 47. Kd5 Kb5 48. Ke6 Kc4 49. Kf5 Kd3 50. Nxg5 Ke2 51. Nxh7 Kf2 52. g4 Kxf3 53. g5 Kg3 54. g6 Bh6 55. Ng5 Kh4 56. Ne6 Kxh3 57. Kf6 Kh4 58. Ng7 Kg4 59. Nf5 Bf8 60. Kf7 Kxf5 61. Kxf8 Kxg6 1/2-1/2


[Site "https://www.chess.com"]

[Event "Titled Tuesday Blitz February 28 Late 2023"]
[White "Wu, Sibo"]
[Black "Haydon, David L"]
[WhiteFideId "8606048"]
[BlackFideId "415405"]
[WhiteElo "2448"]
[BlackElo "2326"]
[Result "0-1"]
[Round "04"]
[TimeControl "180+2"]
[Date "2023.02.28"]
[WhiteClock "0:00:04"]
[BlackClock "0:00:20"]

1. d4 c6 2. Bf4 d5 3. e3 Bf5 4. c4 e6 5. Qb3 b6 6. Nc3 Nf6 7. Nf3 h6 8. Be2 Bd6 9. Ne5 O-O 10. Rc1 a5 11. h3 Bh7 12. O-O Qe7 13. Qxb6 Nfd7 14. Nxd7 Nxd7 15. Qxc6 Bxf4 16. exf4 Rfc8 17. Qa4 Nb6 18. Qd1 Nxc4 19. Bxc4 Rxc4 20. Re1 Qb4 21. Ne2 Qxb2 22. Qb3 Rxc1 23. Qxb2 Rxe1+ 24. Kh2 Rb1 25. Qc3 Rbb8 26. Ng3 a4 27. Qf3 Bb1 28. Qg4 a3 29. f5 exf5 30. Qf4 Rb2 31. Nh5 Kh7 32. Qe5 Rg8 33. Qxd5 Be4 34. Qxf7 Rb6 35. d5 Rg6 36. Nf4 Rf6 37. Qe7 Rgf8 38. Nh5 R6f7 39. Qe5 Rd8 40. d6 Rfd7 41. f3 Bb1 42. Kg3 Rf8 43. Qe6 Rfd8 44. Qe5 Bxa2 45. Qxf5+ Kg8 46. Qe6+ Bxe6 0-1


[Site "https://www.chess.com"]

[Event "Titled Tuesday Blitz February 28 Late 2023"]
[White "Sanchez, Robert"]
[Black "Vlassov, Nikolai"]
[WhiteFideId "2034360"]
[BlackFideId "4103360"]
[WhiteElo "2439"]
[BlackElo "2324"]
[Result "0-1"]
[Round "04"]
[TimeControl "180+2"]
[Date "2023.02.28"]
[WhiteClock "0:00:46"]
[BlackClock "0:01:56"]

1. Nf3 c5 2. e4 d6 3. d4 cxd4 4. Nxd4 Nf6 5. Nc3 g6 6. Be3 a6 7. f3 Nbd7 8. Qd2 Qc7 9. O-O-O b5 10. g4 b4 11. Nd5 Nxd5 12. exd5 Bb7 13. Nc6 Bxc6 14. dxc6 Qxc6 15. Kb1 Bg7 16. Bg2 Rc8 17. h4 h5 18. f4 Qb5 19. g5 O-O 20. Rhe1 Rc7 21. Bd4 e5 22. Be3 Rfc8 23. Rc1 Nb6 24. Bxb6 Qxb6 25. f5 gxf5 26. Qe2 e4 27. Qxh5 Qd4 28. c3 bxc3 29. Rc2 cxb2 30. Rce2 0-1


[Site "https://www.chess.com"]

[Event "Titled Tuesday Blitz February 28 Late 2023"]
[White "Sielecki, Christof"]
[Black "Rosenberg, Evan S"]
[WhiteFideId "4620437"]
[BlackFideId "2019299"]
[WhiteElo "2443"]
[BlackElo "2433"]
[Result "1-0"]
[Round "04"]
[TimeControl "180+2"]
[Date "2023.02.28"]
[WhiteClock "0:01:21"]
[BlackClock "0:00:11"]

1. e4 e5 2. Nf3 Nc6 3. Bb5 Nf6 4. d3 Ne7 5. Nc3 c6 6. Bc4 Ng6 7. h4 h5 8. Ng5 d5 9. exd5 cxd5 10. Nxd5 Nxd5 11. Qf3 Be6 12. Nxe6 fxe6 13. Bb5+ Ke7 14. Bg5+ Nf6 15. Qxb7+ Kd6 16. c4 Qc8 17. c5+ Qxc5 18. Rc1 Qxc1+ 19. Bxc1 Rd8 20. b3 e4 21. Ba3+ Ke5 22. Bb2+ Kf4 23. Bxf6 gxf6 24. Qxe4# 1-0


[Site "https://www.chess.com"]

[Event "Titled Tuesday Blitz February 28 Late 2023"]
[White "Ismagilov, Damir"]
[Black "Aguilar, Juan"]
[WhiteFideId "34199982"]
[BlackFideId "3800091"]
[WhiteElo "2078"]
[BlackElo "2412"]
[Result "1-0"]
[Round "04"]
[TimeControl "180+2"]
[Date "2023.02.28"]
[WhiteClock "0:00:50"]
[BlackClock "0:00:01"]

1. c4 g6 2. Nc3 Bg7 3. g3 c5 4. Bg2 Nc6 5. b3 d6 6. Bb2 e6 7. Nf3 Nge7 8. O-O b6 9. Qc1 Bb7 10. Ne4 O-O 11. Bxg7 Kxg7 12. Qc3+ e5 13. d3 h6 14. Qd2 Qd7 15. Nc3 f5 16. e3 Rae8 17. d4 e4 18. Ne1 cxd4 19. exd4 d5 20. Nc2 Rd8 21. cxd5 Nxd5 22. Nxd5 Qxd5 23. Rfd1 g5 24. Ne3 Qa5 25. Qb2 Ne7 26. d5+ Kg6 27. Nc4 Qc5 28. Ne5+ Kh7 29. Rac1 Qd6 30. Nc4 Qg6 31. d6 Nd5 32. Ne3 Nxe3 33. fxe3 Rf7 34. Qe5 Rdd7 35. Bf1 f4 36. Rc7 fxe3 37. Rxd7 Rxd7 38. Bb5 e2 39. Re1 Rxd6 40. Qe7+ Kh8 41. Qxb7 Qf6 42. Qa8+ Kg7 43. Qb7+ 1-0


[Site "https://www.chess.com"]

[Event "Titled Tuesday Blitz February 28 Late 2023"]
[White "Benaddi, Mouhcine"]
[Black "Koellner, Ruben Gideon"]
[WhiteFideId "9001050"]
[BlackFideId "12993093"]
[WhiteElo "2036"]
[BlackElo "2303"]
[Result "0-1"]
[Round "04"]
[TimeControl "180+2"]
[Date "2023.02.28"]
[WhiteClock "0:00:37"]
[BlackClock "0:01:49"]

1. Nf3 d6 2. d4 Nf6 3. c4 g6 4. Nc3 Bf5 5. Qb3 b6 6. h3 c5 7. g4 Bd7 8. d5 Bg7 9. Bg2 h5 10. g5 Nh7 11. h4 O-O 12. Qc2 Na6 13. a3 Nc7 14. e4 b5 15. cxb5 Nxb5 16. Nxb5 Bxb5 17. Bf1 Rb8 18. Rb1 Qd7 19. Bd2 Bxf1 20. Kxf1 Qg4 21. Ke2 Rfe8 22. Rhg1 Qd7 23. Bc3 e6 24. Kf1 exd5 25. exd5 Qh3+ 0-1


[Site "https://www.chess.com"]

[Event "Titled Tuesday Blitz February 28 Late 2023"]
[White "Florescu, Codrut-Constantin"]
[Black "Fernandez Garcia, Gumersindo"]
[WhiteFideId "1202200"]
[BlackFideId "24516740"]
[WhiteElo "2191"]
[BlackElo "2093"]
[Result "1-0"]
[Round "04"]
[TimeControl "180+2"]
[Date "2023.02.28"]
[WhiteClock "0:00:19"]
[BlackClock "0:00:13"]

1. e4 c5 2. Nf3 e6 3. d4 cxd4 4. Nxd4 Nf6 5. Nc3 Nc6 6. Ndb5 Bb4 7. a3 Bxc3+ 8. Nxc3 d5 9. exd5 exd5 10. Bd3 O-O 11. O-O Bg4 12. Qd2 Re8 13. Qf4 Bh5 14. b4 Bg6 15. Bxg6 hxg6 16. Bb2 d4 17. Rad1 Qb8 18. Qxb8 Raxb8 19. Nb5 Re2 20. Nxd4 Nxd4 21. Bxd4 Rxc2 22. Rc1 Ra2 23. Rc3 a6 24. h3 Rd8 25. Be3 Rd7 26. Rfc1 Kh7 27. Rc7 Rxa3 28. Rxd7 Nxd7 29. Rc7 Ne5 30. Rxb7 f6 31. Bc5 Kg8 32. Kh2 Ra2 33. Kg3 g5 34. Bd4 Nd3 35. Kf3 Ra4 36. Bc5 Nxc5 37. bxc5 Rc4 38. Rc7 a5 39. Ke3 Rc2 40. g4 a4 41. Kd4 Rxf2 42. Ra7 g6 43. c6 Rc2 44. c7 f5 45. Ra8+ Kg7 46. c8=Q Rxc8 47. Rxc8 f4 48. Ke4 1-0


[Site "https://www.chess.com"]

[Event "Titled Tuesday Blitz February 28 Late 2023"]
[White "Lucassen, Mickey"]
[Black "Krishnan, Varun"]
[WhiteFideId "12919110"]
[BlackFideId "5054508"]
[WhiteElo "2358"]
[BlackElo "2542"]
[Result "1/2-1/2"]
[Round "04"]
[TimeControl "180+2"]
[Date "2023.02.28"]
[WhiteClock "0:00:04"]
[BlackClock "0:00:03"]

1. e4 e5 2. Nf3 Nc6 3. Bb5 a6 4. Ba4 Nf6 5. O-O Be7 6. Bxc6 bxc6 7. d3 d6 8. Nbd2 O-O 9. Nc4 Be6 10. Ne3 Ng4 11. h3 Nxe3 12. Bxe3 f5 13. exf5 Bxf5 14. Nh2 Qd7 15. Qe2 Rf6 16. Kh1 Raf8 17. Bg5 Rg6 18. Bxe7 Qxe7 19. g4 Be6 20. c4 Qh4 21. Qe3 Rh6 22. Kg2 Rf4 23. Qg3 Qd8 24. Rae1 c5 25. Re3 Bd7 26. f3 Bc6 27. Rf2 Rhf6 28. Nf1 d5 29. Nd2 e4 30. cxd5 exf3+ 31. Rexf3 Bxd5 32. Ne4 Rxe4 33. dxe4 Bxe4 34. Qe5 Bxf3+ 35. Rxf3 Qa8 36. Qe3 h6 37. Kg3 Rxf3+ 38. Qxf3 Qxf3+ 39. Kxf3 Kf7 40. Ke4 Ke6 41. b3 a5 42. h4 g6 43. h5 g5 44. a3 c6 45. a4 c4 46. bxc4 c5 47. Kf3 Kd6 48. Ke4 Ke6 49. Kf3 Ke5 50. Ke3 Kd6 51. Kd3 Ke5 52. Ke3 Kd6 53. Kd3 Ke5 54. Ke3 1/2-1/2


[Site "https://www.chess.com"]

[Event "Titled Tuesday Blitz February 28 Late 2023"]
[White "Djokic, Mihailo"]
[Black "Simonovic, Miroslav"]
[WhiteFideId "976440"]
[BlackFideId "919152"]
[WhiteElo "2294"]
[BlackElo "2057"]
[Result "1-0"]
[Round "04"]
[TimeControl "180+2"]
[Date "2023.02.28"]
[WhiteClock "0:00:51"]
[BlackClock "0:00:02"]

1. e4 c5 2. Nf3 Nc6 3. d4 cxd4 4. Nxd4 a6 5. Nc3 g6 6. Be3 Bg7 7. Qd2 d6 8. O-O-O Nf6 9. f3 O-O 10. h4 Qa5 11. Nb3 Qc7 12. h5 Ne5 13. hxg6 fxg6 14. Bh6 Be6 15. Nd4 Bf7 16. Bxg7 Kxg7 17. Qh6+ Kg8 18. g4 Bc4 19. Bxc4+ Qxc4 20. Nf5 gxf5 21. g5 Qf7 22. gxf6 exf6 23. Nd5 Nd7 24. exf5 Kh8 25. Nc7 Rac8 26. Ne6 Rg8 27. Rxd6 Rg2 28. Rd2 Rxd2 29. Kxd2 Ne5 30. Kc1 Nxf3 31. Rd1 Ng5 32. Nxg5 fxg5 33. Qxg5 Rf8 34. Rd8 Rxd8 35. Qxd8+ Kg7 36. Qg5+ Kf8 37. f6 h5 38. b3 Ke8 39. a4 Kd7 40. Kb2 Ke6 41. Ka2 Qxf6 42. Qxh5 Qc3 43. Qg6+ Kd5 44. Qf7+ Kd6 45. Qf5 Kc6 46. Qc8+ Kb6 47. Qxc3 1-0


[Site "https://www.chess.com"]